 Dungeon Crawl Stone Soup version 0.23.1 (webtiles) character file.

Game seed: 0

599084 Jannitor the Slayer (level 26, -2/226 HPs)
             Began as a Centaur Chaos Knight on Mar 6, 2019.
             Was a Favourite Plaything of Xom.
             Slain by a death cob (6 damage)
             ... on level 5 of the Realm of Zot on Mar 9, 2019.
             The game lasted 02:49:47 (75917 turns).

Jannitor the Slayer (Centaur Chaos Knight)         Turns: 75917, Time: 02:49:48

Health: -2/226     AC: 37    Str: 31    XL:     26   Next: 43%
Magic:  36/36      EV: 19    Int: 10    God:    Xom [....*.]
Gold:   4968       SH:  0    Dex: 20    Spells: 25/25 levels left

rFire    + + +     SeeInvis +   b - +6 longbow (flame)
rCold    + + +     Gourm    .   (shield currently unavailable)
rNeg     + + .     Faith    .   L - +2 faerie dragon scales {+Inv rElec rCorr Slay+5}
rPois    +         Spirit   .   s - +1 hat of Kehech {rElec rC+++ MR- Stlth-}
rElec    +         Reflect  .   o - +4 dragonskin cloak
rCorr    +         Harm     .   v - +2 pair of gloves
MR       ++...                  x - +4 centaur barding {rF+}
Stlth    ..........             B - amulet of regeneration
HPRegen  1.27/turn              Z - ring of Bucyfi {+Inv rF+ Dex+3}
MPRegen  0.25/turn              z - ring of Weyl {rN+ Str+6 Int-3 Slay+6}

@: marked, no potions, studying Throwing, very quick
A: large, antennae 2, claws 1, hooves 3, rugged brown scales 1, thin metallic
scales 1, see invisible, agile 1, blink, clever 1, deformed body, deterioration
1, speed 2, frail 1, magic resistance 2, sense surroundings 1, regeneration 1,
strong 2, tough skin 3, wild magic 1, evolution 2, MP-powered wands, sturdy
frame 1
}: 3/15 runes: serpentine, barnacled, abyssal
a: Blink, Renounce Religion, Evoke Invisibility


You were on level 5 of the Realm of Zot.
You worshipped Xom.
You were a beloved toy of Xom.
You were not hungry.

You visited 10 branches of the dungeon, and saw 49 of its levels.
You visited the Abyss 1 time.
You also visited: Gauntlet, Ice Cave and Desolation.

You collected 7638 gold pieces.
You spent 2670 gold pieces at shops.

Inventory:

Hand Weapons
 a - a +1 bardiche of flaming
 b - a +6 longbow of flaming (weapon)
Missiles
 C - 628 arrows (quivered)
Armour
 o - the +4 dragonskin cloak (worn)
   (You took it off Tiamat on level 2 of the Realm of Zot)
 s - the +1 hat of Kehech (worn) {rElec rC+++ MR- Stlth-}
   (You found it in a Gauntlet)

   It renders you almost immune to cold.
   It insulates you from electricity.
   It affects your resistance to hostile enchantments.
   It makes you less stealthy.
 v - a +2 pair of gloves (worn)
 x - a +4 centaur barding of fire resistance (worn)
 L - the +2 faerie dragon scales (worn) {+Inv rElec rCorr Slay+5}
   (You took it off the Enchantress on level 2 of the Depths)

   It affects your accuracy and damage with ranged weapons and melee attacks
   (+5).
   It insulates you from electricity.
   It lets you turn invisible.
   It provides partial protection from all sources of acid and corrosion.
Jewellery
 l - the cursed ring of Useoti {MR+++ Dex-2}
   (You found it on level 3 of the Elven Halls)

   [ring of dexterity]

   It affects your dexterity (-2).
   It affects your resistance to hostile enchantments.
   It has a curse placed upon it.
 z - the ring of Weyl (right hand) {rN+ Str+6 Int-3 Slay+6}
   (You took it off a minotaur in a Gauntlet)

   [ring of positive energy]

   It affects your strength (+6).
   It affects your intelligence (-3).
   It affects your accuracy and damage with ranged weapons and melee attacks
   (+6).
   It protects you from negative energy.
 B - an amulet of regeneration (around neck)
 Z - the ring of Bucyfi (left hand) {+Inv rF+ Dex+3}
   (You took it off a servant of whispers in the Desolation of Salt)

   [ring of dexterity]

   It affects your dexterity (+3).
   It protects you from fire.
   It lets you turn invisible.
Wands
 d - a wand of digging (17)
 N - a wand of acid (51)
 O - a wand of scattershot (8)
 P - a wand of paralysis (38)
 U - a wand of enslavement (17)
 W - a wand of iceblast (18)
 X - a wand of disintegration (19)
 Y - a wand of clouds (1)
Scrolls
 e - 7 scrolls of blinking
 h - 2 scrolls of fog
 i - 6 scrolls of vulnerability
 n - 3 scrolls of enchant armour
 p - 3 scrolls of magic mapping
 q - 2 scrolls of summoning
 t - 21 scrolls of remove curse
 y - 2 scrolls of teleportation
 M - 27 scrolls of identify
 R - 8 scrolls of fear
 T - 2 scrolls of holy word
Potions
 f - 12 potions of brilliance
 j - 6 potions of might
 k - 12 potions of curing
 m - 10 potions of haste
 r - 3 potions of berserk rage
 w - 3 potions of mutation
 F - 7 potions of agility
 G - 6 potions of magic
 H - 9 potions of flight
 I - a potion of cancellation
 J - a potion of ambrosia
 Q - 3 potions of heal wounds
 S - 4 potions of invisibility
Books
 u - a manual of Throwing
Comestibles
 c - 91 rations


   Skills:
 + Level 21.1 Fighting
 + Level 19.7 Polearms
 - Level 20.0 Bows
 + Level 17.0 Armour
 + Level 14.5 Dodging
 + Level 18.5 Evocations


You had 25 spell levels left.
You didn't know any spells.
Your spell library contained the following spells:

 Spells                   Type           Power        Failure   Level  Hunger
 Animate Skeleton         Necr           N/A          45%         1    ##.....
 Apportation              Tloc           #.....       45%         1    ##.....
 Beastly Appendage        Tmut           #.....       45%         1    ##.....
 Confusing Touch          Hex            #.....       45%         1    ##.....
 Corona                   Hex            #......      45%         1    ##.....
 Flame Tongue             Conj/Fire      #....        45%         1    ##.....
 Freeze                   Ice            #...         45%         1    ##.....
 Infusion                 Chrm           #...         45%         1    ##.....
 Magic Dart               Conj           #...         45%         1    ##.....
 Pain                     Necr           #...         45%         1    ##.....
 Sandblast                Erth           #.....       45%         1    ##.....
 Sting                    Conj/Pois      #...         45%         1    ##.....
 Summon Butterflies       Summ           #.......     45%         1    ##.....
 Blink                    Tloc           N/A          61%         2    ###....
 Call Imp                 Summ           #.......     61%         2    ###....
 Corpse Rot               Necr           N/A          61%         2    ###....
 Ensorcelled Hibernation  Hex/Ice        #.....       61%         2    ###....
 Passwall                 Tmut/Erth      #.......     61%         2    ###....
 Poisonous Vapours        Pois/Air       #.....       61%         2    ###....
 Searing Ray              Conj           #.....       61%         2    ###....
 Shroud of Golubria       Chrm/Tloc      #.........   61%         2    ###....
 Slow                     Hex            #.......     61%         2    ###....
 Song of Slaying          Chrm           #.......     61%         2    ###....
 Sticks to Snakes         Tmut           #.......     61%         2    ###....
 Throw Flame              Conj/Fire      #.....       61%         2    ###....
 Throw Frost              Conj/Ice       #.....       61%         2    ###....
 Confuse                  Hex            #.......     82%         3    ####...
 Conjure Flame            Conj/Fire      #.......     82%         3    ####...
 Dazzling Spray           Conj/Hex       #.....       82%         3    ####...
 Gell's Gravitas          Tloc           #.........   82%         3    ####...
 Ignite Poison            Fire/Tmut/Pois #.......     82%         3    ####...
 Inner Flame              Hex/Fire       #.......     82%         3    ####...
 Lesser Beckoning         Tloc           #.........   82%         3    ####...
 Mephitic Cloud           Conj/Pois/Air  #.......     82%         3    ####...
 Ozocubu's Armour         Chrm/Ice       #.......     82%         3    ####...
 Regeneration             Chrm/Necr      #.........   82%         3    ####...
 Spectral Weapon          Hex/Chrm       #.......     82%         3    ####...
 Spider Form              Tmut/Pois      #.........   82%         3    ####...
 Stone Arrow              Conj/Erth      #.....       82%         3    ####...
 Tukima's Dance           Hex            #.......     82%         3    ####...
 Vampiric Draining        Necr           #.........   82%         3    ####...
 Animate Dead             Necr           N/A          99%         4    #####..
 Cause Fear               Hex            #.........   99%         4    #####..
 Force Lance              Conj/Tloc      #.......     99%         4    #####..
 Fulminant Prism          Conj/Hex       #.........   99%         4    #####..
 Ice Form                 Ice/Tmut       #.......     99%         4    #####..
 Iskenderun's Mystic Bla  Conj           #.......     99%         4    #####..
 Leda's Liquefaction      Hex/Erth       #.........   99%         4    #####..
 Olgreb's Toxic Radiance  Pois           #.......     99%         4    #####..
 Petrify                  Tmut/Erth      #.......     99%         4    #####..
 Sticky Flame             Conj/Fire      #.......     99%         4    #####..
 Summon Ice Beast         Ice/Summ       #.......     99%         4    #####..
 Throw Icicle             Conj/Ice       #.......     99%         4    #####..
 Alistair's Intoxication  Tmut/Pois      #.......     100%        5    ######.
 Blade Hands              Tmut           #.........   100%        5    ######.
 Bolt of Magma            Conj/Fire/Erth #.........   100%        5    ######.
 Borgnjor's Vile Clutch   Necr/Erth      #.........   100%        5    ######.
 Fireball                 Conj/Fire      #.........   100%        5    ######.
 Iskenderun's Battlesphe  Conj/Chrm      #.......     100%        5    ######.
 Lee's Rapid Deconstruct  Erth           #.........   100%        5    ######.
 Metabolic Englaciation   Hex/Ice        #.........   100%        5    ######.
 Silence                  Hex/Air        #.........   100%        5    ######.
 Summon Demon             Summ           #.........   100%        5    ######.
 Summon Forest            Summ/Tloc      #.........   100%        5    ######.
 Venom Bolt               Conj/Pois      #.........   100%        5    ######.
 Yara's Violent Unravell  Hex/Tmut       #.........   100%        5    ######.
 Darkness                 Hex            #.........   100%        6    #######
 Deflect Missiles         Chrm/Air       #.........   100%        6    #######
 Freezing Cloud           Conj/Ice/Air   #.........   100%        6    #######
 Hydra Form               Tmut           #.........   100%        6    #######
 Invisibility             Hex            #.......     100%        6    #######
 Iron Shot                Conj/Erth      #.........   100%        6    #######
 Shadow Creatures         Summ           N/A          100%        6    #######
 Simulacrum               Ice/Necr       #.........   100%        6    #######
 Statue Form              Tmut/Erth      #........    100%        6    #######
 Orb of Destruction       Conj           #.........   100%        7    #######
 Ring of Flames           Chrm/Fire      #.........   100%        7    #######
 Spellforged Servitor     Conj/Summ      #.........   100%        7    #######
 Summon Hydra             Summ           #.........   100%        7    #######
 Discord                  Hex            #.........   100%        8    #######
 Shatter                  Erth           #.........   100%        9    #######


Dungeon Overview and Level Annotations

Branches:
Dungeon (15/15)            Temple (1/1) D:7            Lair (6/6) D:8
 Shoals (4/4) Lair:2        Snake (4/4) Lair:3        Slime (0/5) Lair:6
    Orc (2/2) D:9             Elf (3/3) Orc:2        Vaults (4/5) D:13
  Crypt (0/3) Vaults:2     Depths (5/5) D:15            Zot (5/5) Depths:5

Altars:
Ashenzari
Cheibriados
Dithmenos
Elyvilon
Fedhas
Gozag
Hepliaklqana
Kikubaaqudgha
Makhleb
Nemelex Xobeh
Okawaru
Qazlal
Ru
Sif Muna
Trog
Uskayaw
Vehumet
Wu Jian
Xom
Yredelemnul
Zin
The Shining One
Beogh
Jiyva

Shops:
D:6 [:   Orc:1 !   Orc:2 ![!}   Elf:1 *   Elf:3 %   Snake:2 :   Vaults:1 (
Vaults:2 }[   Depths:2 (

Portals:
Hell: Depths:1 Depths:2 Depths:3 Depths:4 Depths:5
Abyss: Depths:2 Depths:4
Pandemonium: Depths:3
Ziggurat: Depths:1

Annotations:
D:4 1 runed translucent door, 1994's ghost, amateur HONe
D:6 2 runed translucent doors, Vesto's ghost, novice TeFi
D:9 1 runed translucent door, aduken's ghost, novice VSWn
D:14 1 runed translucent door, highc0's ghost, journeyman DEFE
Elf:1 6 runed translucent doors
Zot:5 exclusion: orange crystal statue


Innate Abilities, Weirdness & Mutations

You have hooves in place of feet.
Armour fits poorly on your strangely shaped body.
You cover ground very quickly.
You have extremely tough skin. (AC +3)
You have a pair of antennae on your head.
You have sharp fingernails.
You are partially covered in rugged brown scales. (AC +1, +3% HP)
You are partially covered in thin metallic scales. (AC +2)
You have supernaturally acute eyesight. (SInv)
You are agile. (Dex +2)
You can translocate small distances at will.
Your mind is acute. (Int +2)
Your body sometimes deteriorates upon taking damage.
You are frail. (-10% HP)
You are highly resistant to hostile enchantments. (MR++)
You passively map a small area around you.
Your natural rate of healing is unusually fast.
Your muscles are very strong. (Str +4)
Your spells are a little harder to cast, but a little more powerful.
You rapidly evolve.
You expend magic power (3 MP) to strengthen your wands.
Your movements are slightly less encumbered by armour. (ER -2)


Message History

The red draconian hits the Orb Guardian with a +0 long sword!
The Orb Guardian hits the Killer Klown!
Really walk onto that alarm trap?
You set off the alarm!
The alarm trap emits a blaring wail!
A sentinel's mark forms upon you.
You hear a roar! x3; You hear a chilling moan.
You hear a deafening roar!
You hear a roar! x10; You hear a shout! x2
An Orb Guardian comes into view.
A death cob comes into view.
Found a scroll of teleportation.
An Orb Guardian comes into view. x2
The death cob closely misses you.
The Orb Guardian hits you but does no damage.
An Orb Guardian comes into view.
The Orb Guardian hits you!!
* * * LOW HITPOINT WARNING * * *
Xom roars with laughter!
The death cob hits you.
You die...
Xom thinks this is hilarious!

.......## , ,, *
........## ..........
.........## ........^.
d.qX......# #.^?......, ,
..........# #.........
...dXX1...# ##......... *
.....p{...# #..........
..........# ##.XXX^.....
..q...{*..###..z@......X
,
..d.^^.§.###...#########*
........##.X*.##
.........p%.###
#▓▓▓▓▓▓▓▓▓▓▓# ..., * **
... { ,, , ... , , * p..,
, ** * ,


You could see an orb of fire, a Killer Klown, a death cob and 5 Orb Guardians.

Vanquished Creatures
  Tiamat (Zot:2)
  2 orbs of fire
  3 juggernauts
  Mara (Elf:3)
  A Killer Klown (Zot:3)
  2 curse toes
  6 golden dragons
  the Enchantress (Depths:2)
  2 electric golems (Zot:2)
  A Tzitzimitl (Zot:2)
  2 liches
  Jorgrun (Shoals:2)
  14 tentacled monstrosities
  An Ice Fiend (IceCv)
  2 titans (Depths:5)
  2 deep elf master archers (Elf:3)
  A quicksilver dragon (shapeshifter) (Depths:4)
  3 deep elf blademasters
  10 quicksilver dragons
  An acid blob (Depths:4)
  A kraken (Shoals:1)
  8 shadow dragons
  8 sphinxes
  Kirke (D:15)
  9 death cobs
  3 tengu reavers
  15 fire giants
  6 nagarajas (Snake:4)
  6 azure jellies (Depths:4)
  8 storm dragons
  4 draconian monks
  13 frost giants
  3 deep elf sorcerers
  5 draconian knights
  Aizul (Snake:1)
  7 deep elf elementalists
  5 draconian scorchers
  2 imperial myrmidons (Desolation)
  6 vault wardens
  An orc warlord (Orc:2)
  5 draconian shifters
  4 draconian stormcallers
  A juggernaut zombie (D:15)
  7 spriggan defenders
  3 draconian annihilators
  22 very ugly things
  7 ironheart preservers
  24 stone giants
  13 deep elf demonologists
  3 entropy weavers
  2 vampire knights (Depths:4)
  Nessos (D:13)
  7 black draconians
  8 yellow draconians
  7 purple draconians
  9 green draconians
  3 white draconians
  A minotaur (Gauntlet)
  5 deep elf annihilators
  A halazid warlock (Desolation)
  6 spark wasps
  15 ettins
  A minotaur (shapeshifter) (Depths:5)
  13 red draconians
  A blizzard demon (Depths:1)
  7 fire dragons
  10 merfolk impalers
  A crystal guardian (Desolation)
  7 deep elf death magi
  3 merfolk javelineers
  Josephine (Shoals:1)
  8 death oozes (Depths:4)
  13 yaktaur captains
  4 deep elf high priests
  8 ragged hierophants (Desolation)
  11 rakshasas
  A monstrous demonspawn (Depths:3)
  5 peacekeepers (Desolation)
  19 ice dragons
  5 great orbs of eyes
  14 naga warriors
  7 servants of whispers
  A vault guard (Vaults:2)
  8 hydras
  2 catoblepae
  13 centaur warriors
  7 anacondas
  3 alligator snapping turtles
  5 spriggan air magi
  2 death knights (Vaults:4)
  4 merfolk avatars
  25 dancing weapons
  43 two-headed ogres
  An alligator (Depths:4)
  2 death yaks (Lair:6)
  3 satyrs (Shoals:4)
  6 merfolk aquamancers
  5 tengu warriors
  3 spriggan berserkers
  10 deep troll shamans
  A small abomination (D:13)
  13 ogre magi
  2 orc high priests
  A vampire mage (Depths:2)
  Urug (D:13)
  12 deep troll earth magi
  2 sun demons (Depths:1)
  10 naga sharpshooters
  A hell knight (Depths:5)
  5 shock serpents
  Nergalle (Orc:2)
  11 deep elf knights
  2 soul eaters (Depths:1)
  2 iron trolls (Depths:5)
  3 salamander mystics
  9 skeletal warriors
  2 wretched stars (Abyss:3)
  A fire crab (shapeshifter) (Vaults:1)
  16 sea snakes
  11 deep trolls
  13 ironbrand convokers
  10 unseen horrors
  2 flayed ghosts
  A swamp dragon (shapeshifter) (Depths:4)
  6 naga ritualists
  4 glowing orange brains
  3 wizards
  18 deep elf archers
  12 orc knights
  An obsidian statue (Depths:1)
  3 necromancers
  2 phantasmal warriors (Depths:4)
  2 wolf spider zombies
  A lindwurm (Shoals:1)
  8 mana vipers
  14 harpies
  An oklob plant (Lair:1)
  18 manticores
  6 orc sorcerers
  10 fauns
  55 deep elf magi
  4 wolf spiders
  12 salamanders
  54 ugly things
  11 cyclopes
  A shining eye (shapeshifter) (Depths:2)
  28 moths of wrath
  A spriggan zombie (D:15)
  A frost giant zombie (D:15)
  A manticore (shapeshifter) (D:14)
  3 salamanders (shapeshifter)
  9 merfolk sirens
  8 vault sentinels
  A rust devil (Depths:1)
  6 guardian serpents
  29 black mambas
  3 ice statues
  A smoke demon (Depths:3)
  An eye of devastation (shapeshifter) (Zot:1)
  7 water nymphs
  A molten gargoyle (Desolation)
  2 orange demons
  2 gargoyles
  12 spiny frogs
  A water nymph (shapeshifter) (Vaults:2)
  15 naga magi
  An eye of devastation (Elf:2)
  A yaktaur zombie (Vaults:3)
  A storm dragon simulacrum (Vaults:2)
  2 rime drakes
  A hellion (Depths:3)
  32 yaktaurs
  8 freezing wraiths
  3 efreet
  A komodo dragon (shapeshifter) (Zot:3)
  A kobold demonologist (D:14)
  A hellwing (Depths:3)
  3 anaconda simulacra (IceCv)
  5 komodo dragons
  6 ice devils
  A golden dragon simulacrum (IceCv)
  2 ancient zymes (Abyss:3)
  3 tengu conjurers
  A guardian mummy (D:15)
  2 queen bees
  11 trolls
  A red devil (Depths:1)
  42 merfolk
  A meliai (shapeshifter) (Vaults:3)
  5 meliai (Abyss:3)
  A troll (shapeshifter) (Depths:5)
  2 jumping spiders (shapeshifter)
  4 wind drakes
  9 polar bears (Lair:6)
  A polar bear (shapeshifter) (D:10)
  A tengu simulacrum (Vaults:2)
  7 hornets
  4 raiju
  48 saltlings
  A hippogriff (shapeshifter) (Vaults:3)
  44 slime creatures
  A blink frog (shapeshifter) (D:14)
  A dream sheep (shapeshifter) (Depths:5)
  5 blink frogs
  A deep troll zombie (D:15)
  14 hippogriffs
  11 snapping turtles
  A snapping turtle (shapeshifter) (Elf:2)
  7 dream sheep
  An air elemental (Elf:1)
  A spriggan (Depths:2)
  2 dire elephant simulacra (IceCv)
  13 wyverns
  7 centaur simulacra
  A vampire (D:13)
  8 redbacks
  5 wraiths
  3 large abominations (Abyss:3)
  24 water elementals
  A shadow (D:12)
  13 humans (D:13)
  41 yaks
  2 fire elementals (Elf:2)
  Grum (D:8)
  A golden eye (shapeshifter) (Elf:1)
  4 hogs (D:15)
  A hungry ghost (D:10)
  A human (shapeshifter) (Vaults:4)
  Menkaure (D:4)
  2 steam dragons (Gauntlet)
  3 basilisks
  4 vampire mosquitoes
  3 death yak simulacra (IceCv)
  A human simulacrum (Vaults:2)
  An iron troll simulacrum (IceCv)
  A chaos spawn (Abyss:3)
  5 harpy simulacra
  3 soldier ants
  9 wargs
  A swamp worm (shapeshifter) (D:12)
  An acid dragon (D:13)
  60 nagas
  2 hydra simulacra (IceCv)
  14 hell hounds (Lair:6)
  A soldier ant (shapeshifter) (Vaults:3)
  3 floating eyes
  A swamp drake (shapeshifter) (Depths:5)
  20 water moccasins
  11 porcupines
  9 ice beasts
  39 orc warriors
  A hornet zombie (D:11)
  Purgy (D:4)
  12 black bears
  2 ettin simulacra (IceCv)
  An eye of draining (D:9)
  A tengu (D:8)
  A phantom (D:9)
  4 necrophages (D:7)
  3 sky beasts
  An eye of draining (shapeshifter) (D:14)
  16 boggarts
  36 ogres
  15 centaurs
  20 wolves
  A tengu (shapeshifter) (Vaults:1)
  2 big kobolds
  13 crocodiles
  18 bullfrogs
  Blork the orc (D:4)
  3 earth elementals
  3 scorpions
  16 wights
  An elf simulacrum (Vaults:1)
  27 killer bees
  4 electric eels
  2 howler monkeys (D:11)
  12 crimson imps
  3 bullfrog zombies
  3 draconian simulacra (IceCv)
  11 hounds
  2 centaur skeletons
  3 centaur zombies
  20 orc priests
  2 bullfrog skeletons
  18 jellies
  32 orc wizards
  An iron imp (Depths:1)
  6 human skeletons (Vaults:3)
  4 iguanas
  14 worker ants
  2 spriggan simulacra (IceCv)
  2 wolf simulacra (IceCv)
  5 troll simulacra (IceCv)
  A hound skeleton (D:8)
  A worker ant zombie (D:8)
  3 gnolls (D:3)
  2 howler monkey skeletons
  14 adders
  A naga simulacrum (IceCv)
  4 ogre simulacra (IceCv)
  8 shadow imps
  11 white imps
  5 ufetubi (IceCv)
  19 oozes
  An adder skeleton (D:4)
  2 adder zombies (D:7)
  3 worms
  2 dart slugs (D:1)
  3 leopard geckos
  134 orcs
  7 bats
  6 giant cockroaches
  5 goblins
  11 hobgoblins
  3 jackals (D:4)
  4 quokkas
  A ball python (D:7)
  7 frilled lizards
  A jackal zombie (D:6)
  15 kobolds
  A quokka skeleton (D:5)
  A quokka zombie (D:7)
  2 rats
  A bush (D:7)
  A crawling corpse (D:13)
  A fungus (Lair:4)
  3 plants
  4 tentacles (Shoals:1)
2371 creatures vanquished.

Vanquished Creatures (collateral kills)
  2 golden dragons
  Rupert (D:13)
  A death cob (Zot:4)
  A draconian knight (Zot:3)
  A frost giant (Depths:5)
  A caustic shrike zombie (Depths:3)
  A black draconian (Zot:2)
  Snorg (Lair:5)
  Erolcha (Orc:2)
  A two-headed ogre (Depths:3)
  A death yak (Lair:5)
  A sun demon (Depths:1)
  A flayed ghost (D:15)
  5 orc sorcerers
  A fire giant zombie (Depths:3)
  An iron dragon skeleton (Depths:3)
  A spiny frog (Lair:5)
  A centaur skeleton (D:13)
  A yaktaur (Depths:3)
  2 blink frogs (Lair:5)
  A spriggan (Depths:2)
  A yak (Lair:6)
  3 humans (D:13)
  A hog (shapeshifter) (D:15)
  A basilisk (D:8)
  2 orc warriors (Vaults:1)
  2 ogres (Orc:2)
  2 killer bees (D:10)
  A wight (D:13)
  4 orc wizards (Orc:2)
  A jelly (Lair:6)
  5 orcs
  4 jackals (D:4)
  3 kobolds
  A crawling corpse (Vaults:1)
  A fungus (Lair:5)
59 creatures vanquished.

Vanquished Creatures (others)
  A draconian annihilator (Zot:1)
  A very ugly thing (Abyss:3)
  4 dancing weapons
  A blink frog (Lair:6)
  2 yaks (Lair:6)
  An orc warrior (Vaults:1)
  8 killer bees
  A crocodile (Lair:6)
  A bullfrog zombie (D:12)
  2 orc priests (Elf:1)
  An adder (D:3)
  A white imp (IceCv)
  An ufetubus (IceCv)
  6 orcs
  2 bushes (D:8)
  A fire vortex (D:4)
  17 fungi
  68 plants
  4 tentacles (Shoals:1)
123 creatures vanquished.

Grand Total: 2553 creatures vanquished

Notes
Turn   | Place    | Note
-------+----------+-------------------------------------------
     0 | D:1      | Jannitor the Centaur Chaos Knight began the quest for the
                  | Orb.
     0 | D:1      | Reached XP level 1. HP: 19/19 MP: 1/1
   199 | D:1      | Reached XP level 2. HP: 26/26 MP: 2/2
   858 | D:2      | XOM: silly message
   875 | D:2      | Reached XP level 3. HP: 26/31 MP: 3/3
  1223 | D:2      | Found a faded altar of an unknown god.
  1265 | D:2      | Reached XP level 4. HP: 40/40 MP: 4/4
  1845 | D:3      | XOM: harmless Summ miscast
  1859 | D:3      | XOM: harmless Erth miscast
  2224 | D:3      | Reached skill level 4 in Fighting
  2272 | D:3      | XOM: mild Conj miscast
  2364 | D:3      | Reached XP level 5. HP: 44/46 MP: 5/5
  2439 | D:3      | XOM: give mutations
  2439 | D:3      | Gained mutation: You are frail. (-10% HP) [Xom's mischief]
  2439 | D:3      | Gained mutation: Your body sometimes deteriorates upon
                  | taking damage. [Xom's mischief]
  2439 | D:3      | Lost mutation: You are frail. (-10% HP) [Xom's mischief]
  2440 | D:3      | XOM: chaos upgrade
  2442 | D:3      | XOM: harmless Hex miscast
  2556 | D:3      | XOM: silly message
  3121 | D:4      | XOM: noise
  3183 | D:4      | Noticed Purgy
  3199 | D:4      | Killed Purgy
  3199 | D:4      | Reached XP level 6. HP: 23/53 MP: 6/6
  3255 | D:4      | XOM: noise
  3281 | D:4      | XOM: swap monsters
  3305 | D:5      | Entered Level 5 of the Dungeon
  3352 | D:4      | XOM: summons friendly white imp
  3356 | D:4      | XOM: scenery: create altars
  3397 | D:4      | Reached skill level 5 in Fighting
  3544 | D:4      | XOM: butterfly on damage
  3549 | D:4      | XOM: cast spell 'Leda's Liquefaction'
  3595 | D:4      | Reached XP level 7. HP: 31/61 MP: 7/7
  3685 | D:4      | Found a sacrificial altar of Ru.
  3689 | D:4      | XOM: mild Fire miscast
  3744 | D:4      | Found a radiant altar of Vehumet.
  3795 | D:4      | XOM: cloud trail
  3894 | D:4      | Reached skill level 5 in Polearms
  3966 | D:4      | Noticed Blork the orc
  3968 | D:4      | XOM: divination: detect items
  3977 | D:4      | Killed Blork the orc
  4058 | D:4      | Found a runed translucent door.
  4059 | D:4      | Noticed 1994's ghost (amateur HONe)
  4134 | D:4      | XOM: medium Ice miscast
  4211 | D:4      | XOM: give mutations
  4211 | D:4      | Gained mutation: You are partially covered in large bone
                  | plates. (SH +4) [Xom's grace]
  4211 | D:4      | Gained mutation: Your system is resistant to poisons.
                  | (rPois) [Xom's grace]
  4211 | D:4      | Gained mutation: Your muscles are strong. (Str +2) [Xom's
                  | grace]
  4211 | D:4      | Gained mutation: You are resistant to hostile enchantments.
                  | (MR+) [Xom's grace]
  4245 | D:4      | Noticed Menkaure
  4253 | D:4      | Killed Menkaure
  4285 | D:4      | XOM: god gift: glowing centaur barding {god gift}
  4351 | D:5      | Reached skill level 6 in Fighting
  4361 | D:5      | Reached XP level 8. HP: 48/70 MP: 8/8
  4473 | D:5      | XOM: fog
  4543 | D:5      | XOM: mild Pois miscast
  4594 | D:5      | XOM: noise
  4714 | D:5      | Found a white marble altar of Elyvilon.
  4779 | D:5      | Found a shattered altar of Ashenzari.
  4783 | D:5      | Saw a vision of the Shoals and the Snake Pit.
  4783 | D:5      | Noticed a merfolk
  4783 | D:5      | Noticed a mana viper
  4783 | D:5      | Noticed a merfolk siren
  4783 | D:5      | Noticed a black mamba
  4783 | D:5      | Noticed a merfolk
  4783 | D:5      | Noticed a black mamba
  4783 | D:5      | Noticed a hippogriff
  4783 | D:5      | Noticed a merfolk siren
  4783 | D:5      | Noticed a black mamba
  4783 | D:5      | Noticed a naga mage
  4783 | D:5      | Noticed a merfolk siren
  4783 | D:5      | Noticed a merfolk siren
  4964 | D:4      | Reached skill level 1 in Bows
  5273 | D:6      | Found a runed translucent door.
  5304 | D:6      | Found a runed translucent door.
  5353 | D:6      | Found Zousyffi's Book Shop.
  5359 | D:6      | XOM: blink monster(s)
  5450 | D:6      | XOM: summons 3 hostile demons
  5451 | D:6      | Noticed a sun demon
  5451 | D:6      | Noticed an orange demon
  5622 | D:6      | Noticed Vesto's ghost (novice TeFi)
  5679 | D:6      | Got a transparent ring mail
  5690 | D:6      | Identified the +4 ring mail "Fosyps" {+Fly Stlth+} (You
                  | found it on level 6 of the Dungeon)
  5690 | D:6      | Found Bovuutz's Armour Boutique.
  5736 | D:6      | XOM: mild Summ miscast
  5796 | D:6      | XOM: confuse monster(s)
  5855 | D:6      | XOM: medium Necr miscast
  5855 | D:6      | XOM: smoke on damage
  5975 | D:6      | XOM: scenery: 1 doors close
  6078 | D:6      | Reached skill level 7 in Fighting
  6089 | D:6      | XOM: summons 2 hostile shadow creatures
  6091 | D:6      | XOM: noise
  6092 | D:6      | Reached skill level 5 in Bows
  6092 | D:6      | Reached skill level 5 in Armour
  6092 | D:6      | Reached XP level 9. HP: 64/79 MP: 9/9
  6203 | D:6      | Found a bloodstained altar of Trog.
  6353 | D:6      | Found a stormy altar of Qazlal.
  6353 | D:6      | Found a shadowy altar of Dithmenos.
  6359 | D:6      | Found a burning altar of Makhleb.
  6361 | D:6      | Found a snail-covered altar of Cheibriados.
  6363 | D:6      | Found a hazy altar of Hepliaklqana.
  6402 | D:7      | XOM: swap monsters
  6405 | D:7      | XOM: chaos upgrade
  6411 | D:7      | Found a staircase to the Ecumenical Temple.
  6433 | Temple   | Entered the Ecumenical Temple
  6762 | D:7      | Paralysed by an orc for 5 turns
  6773 | Temple   | XOM: chaos upgrade
  6973 | Temple   | XOM: give mutations
  6973 | Temple   | Lost mutation: You are resistant to hostile enchantments.
                  | (MR+) [Xom's mischief]
  6973 | Temple   | Gained mutation: You are clumsy. (Dex -2) [Xom's mischief]
  7089 | D:7      | XOM: 4-stop teleportation journey
  7146 | D:7      | Found a glowing silver altar of Zin.
  7506 | D:7      | Found a blossoming altar of Fedhas.
  7768 | D:7      | Found a glowing silver altar of Zin.
  7885 | D:7      | XOM: divination: detect items
  8136 | D:8      | Found a staircase to the Lair.
  8144 | D:8      | XOM: enchant monster (good)
  8146 | D:8      | XOM: scenery: create altars
  8148 | D:8      | XOM: chaos cloud
  8151 | D:7      | XOM: harmless Hex miscast
  8444 | D:8      | Found a shattered altar of Ashenzari.
  8458 | D:8      | XOM: enchant monster (bad)
  8475 | D:8      | Reached skill level 8 in Fighting
  8497 | D:8      | Reached XP level 10. HP: 77/88 MP: 10/10
  8508 | D:8      | Found an opulent altar of Gozag.
  8508 | D:8      | XOM: 5-stop teleportation journey
  8680 | D:8      | XOM: god gift: bloodstained centaur barding {god gift}
  8683 | D:8      | Got a bloodstained centaur barding {god gift}
  8694 | D:8      | Identified the +2 centaur barding of the Moneychanger {+Inv
                  | +Fly rC+} (Xom gifted it to you on level 8 of the Dungeon)
  8716 | D:8      | XOM: scenery: create altars
  8732 | D:8      | XOM: summons 5 friendly demons
  9009 | D:8      | Noticed Grum
  9033 | D:8      | Killed Grum
  9220 | D:8      | XOM: enchant monster (bad)
  9221 | D:8      | XOM: polymorph basilisk -> sky beast
  9257 | D:8      | XOM: harmless Summ miscast
  9297 | D:8      | XOM: summons friendly white imp
  9513 | D:8      | Reached skill level 10 in Bows
  9521 | D:8      | XOM: smoke on damage
  9523 | D:8      | Noticed a harpy
  9523 | D:8      | a yak changed into a harpy
  9523 | D:8      | XOM: polymorph yak -> harpy
  9561 | D:8      | Killed a harpy
  9593 | D:8      | XOM: cleaving
  9595 | D:8      | XOM: enchant monster (good)
  9724 | D:8      | XOM: cloud trail
  9958 | D:8      | Found a basalt altar of Yredelemnul.
 10482 | Lair:1   | Entered Level 1 of the Lair of Beasts
 10487 | Lair:1   | Noticed a spiny frog
 10495 | Lair:1   | XOM: confuse monster(s)
 10550 | Lair:1   | XOM: god gift: 21 stones
 10553 | D:8      | XOM: harmless Summ miscast
 10555 | D:8      | XOM: harmless Summ miscast
 10566 | D:8      | XOM: polymorph bullfrog -> tengu
 10584 | Lair:1   | Killed a spiny frog
 10821 | Lair:1   | Reached skill level 9 in Fighting
 10845 | Lair:1   | XOM is BORED!
 10845 | Lair:1   | XOM: medium Necr miscast
 11030 | Lair:1   | Reached XP level 11. HP: 93/97 MP: 11/11
 11082 | Lair:1   | XOM: potion effect (invisibility)
 11618 | Lair:1   | XOM: harmless Erth miscast
 11658 | Lair:1   | XOM: harmless Chrm miscast
 11762 | Lair:1   | XOM: harmless Fire miscast
 11881 | Lair:1   | Reached skill level 1 in Evocations
 11954 | Lair:1   | Noticed an oklob plant
 12137 | Lair:1   | Killed an oklob plant
 12537 | Lair:2   | You fall through a shaft!
 12547 | Lair:3   | Noticed an eight-headed hydra
 12558 | Lair:3   | XOM: divination: detect items
 12572 | Lair:3   | Killed an eight-headed hydra
 12820 | Lair:3   | Noticed a four-headed hydra
 12821 | Lair:3   | XOM: cast spell 'Call Canine Familiar'
 12827 | Lair:3   | XOM: divination: detect creatures
 12830 | Lair:3   | XOM: cast spell 'Alistair's Intoxication'
 12845 | Lair:3   | XOM: harmless Tmut miscast
 12850 | Lair:3   | Killed a four-headed hydra
 12851 | Lair:3   | XOM: noise
 12852 | Lair:3   | XOM: swap monsters
 13124 | Lair:3   | XOM: give mutation
 13124 | Lair:3   | Gained mutation: You are robust. (+10% HP) [Xom's mischief]
 13227 | Lair:3   | Noticed a four-headed hydra
 13243 | Lair:3   | Killed a four-headed hydra
 13424 | Lair:3   | Found a staircase to the Snake Pit.
 13440 | Lair:3   | XOM: polymorph naga -> black bear
 13703 | Lair:2   | XOM: noise
 13712 | Lair:2   | XOM: harmless Pois miscast
 13715 | Lair:2   | XOM: noise
 13754 | Lair:2   | Found a staircase to the Shoals.
 13809 | Lair:2   | XOM: medium Summ miscast
 14215 | Lair:2   | XOM: harmless Fire miscast
 14352 | Lair:2   | XOM: harmless Pois miscast
 14404 | Lair:2   | XOM: divination: detect creatures
 14625 | Lair:3   | XOM: harmless Tloc miscast
 14822 | Lair:4   | XOM: 7-stop teleportation journey
 14883 | Lair:4   | Reached XP level 12. HP: 86/116 MP: 14/14
 15214 | Lair:4   | Noticed an eight-headed hydra
 15222 | Lair:4   | XOM: give mutations
 15222 | Lair:4   | Gained mutation: You have supernaturally acute eyesight.
                  | (SInv) [Xom's grace]
 15222 | Lair:4   | Gained mutation: You have sharp fingernails. [Xom's grace]
 15222 | Lair:4   | Lost mutation: You are clumsy. (Dex -2) [Xom's grace]
 15222 | Lair:4   | Gained mutation: Your muscles are very strong. (Str +4)
                  | [Xom's grace]
 15255 | Lair:4   | Killed an eight-headed hydra
 15481 | Lair:4   | XOM: god gift: wand of flame (27)
 15562 | Lair:4   | XOM: 3-stop teleportation journey
 15845 | Lair:5   | Reached skill level 10 in Fighting
 16026 | Lair:5   | XOM: divination: magic mapping
 16029 | Lair:5   | XOM: summons friendly crimson imp
 16050 | Lair:5   | XOM: cleaving
 16114 | Lair:5   | XOM: polymorph crimson imp -> white imp
 16198 | Lair:5   | XOM: confuse monster(s)
 16304 | Lair:5   | XOM: summons 12 friendly demons
 16382 | Lair:5   | XOM: give mutation
 16382 | Lair:5   | Gained mutation: You are resistant to hostile enchantments.
                  | (MR+) [Xom's grace]
 16613 | Lair:5   | You fall through a shaft!
 16613 | Lair:6   | Entered Level 6 of the Lair of Beasts
 16671 | Lair:5   | XOM: fake destruction
 16817 | Lair:5   | XOM: god gift: whip {god gift}
 16935 | Lair:5   | Noticed Snorg
 16958 | Lair:5   | XOM: cast spell 'Summon Small Mammal'
 16960 | Lair:5   | XOM: summons 12 friendly demons
 16965 | Lair:5   | XOM: cast spell 'Summon Ice Beast'
 16975 | Lair:5   | Killed Snorg
 17081 | Lair:6   | Noticed a death yak
 17092 | Lair:5   | XOM: summons friendly white imp
 17097 | Lair:5   | XOM: summons friendly shadow imp
 17106 | Lair:5   | Killed a death yak
 17116 | Lair:5   | XOM: divination: detect creatures
 17169 | Lair:5   | XOM: confuse monster(s)
 17463 | Lair:1   | XOM: mild Tmut miscast
 17499 | D:9      | XOM: confuse monster(s)
 17518 | D:9      | XOM: cast spell 'Call Canine Familiar'
 17732 | D:9      | XOM: god gift: dented sapphire amulet {god gift}
 17944 | D:9      | Found a staircase to the Orcish Mines.
 18150 | D:9      | Noticed a two-headed ogre
 18154 | D:9      | XOM: summons friendly iron imp
 18166 | D:9      | XOM: 5-stop teleportation journey
 18211 | D:9      | Killed a two-headed ogre
 18507 | D:9      | Found a runed translucent door.
 18514 | D:9      | Identified the cursed +3 trident of Lies {pierce, rF- MP+9
                  | Dex+4}
 18514 | D:9      | Noticed aduken's ghost (novice VSWn)
 18723 | D:10     | Entered Level 10 of the Dungeon
 18921 | D:10     | XOM: cloud trail
 19558 | D:10     | XOM: god gift: scroll of blinking
 19663 | D:10     | XOM: harmless Erth miscast
 19668 | D:10     | XOM: summons friendly crimson imp
 19967 | D:10     | XOM: cast spell 'Ring of Flames'
 20077 | D:10     | XOM: scenery: 1 doors close
 20310 | D:10     | Reached skill level 5 in Evocations
 20433 | D:11     | XOM: noise
 20573 | D:11     | Reached skill level 15 in Bows
 20729 | D:11     | XOM: harmless Fire miscast
 20751 | D:11     | XOM: enchant monster (bad)
 20759 | D:11     | Reached XP level 13. HP: 94/125 MP: 16/16
 20764 | D:11     | XOM: enchant monster (bad)
 20869 | D:11     | XOM: noise
 20944 | D:11     | XOM: polymorph big kobold -> blink frog
 21479 | D:11     | Reached skill level 10 in Polearms
 21674 | D:11     | XOM: mild Pois miscast
 21793 | D:12     | XOM is BORED!
 21793 | D:12     | XOM: swap monsters
 22176 | D:12     | XOM: confusion (+ monsters)
 22177 | D:12     | XOM: stat loss: -1 Dex (8/10)
 22617 | D:12     | Reached skill level 11 in Fighting
 22654 | D:12     | XOM: medium Tmut miscast
 22658 | D:12     | XOM: blink monster(s)
 22663 | D:12     | XOM: enchant monster (bad)
 22687 | D:12     | XOM: cast spell 'Metabolic Englaciation'
 22704 | D:12     | XOM: enchant monster (bad)
 22715 | D:12     | XOM: enchant monster (good)
 22770 | D:12     | XOM: mild Tloc miscast
 23500 | D:12     | XOM: divination: magic mapping
 23511 | D:12     | XOM: smoke on damage
 23710 | Orc:1    | Entered Level 1 of the Orcish Mines
 23710 | Orc:1    | Found Lakhiut's Distillery.
 23710 | Orc:1    | XOM: cast spell 'Summon Butterflies'
 23719 | Orc:1    | XOM: silly message
 24086 | Orc:1    | Bought a potion of mutation for 104 gold pieces
 24086 | Orc:1    | Bought a potion of cancellation for 104 gold pieces
 24086 | Orc:1    | Bought a potion of ambrosia for 104 gold pieces
 24145 | Orc:1    | Found a shimmering altar of Xom.
 24189 | Orc:1    | XOM: potion effect (invisibility)
 24213 | Orc:1    | XOM: harmless Hex miscast
 24263 | Orc:1    | XOM: harmless Fire miscast
 24525 | Orc:1    | XOM: divination: detect items
 24622 | Orc:1    | XOM: harmless Fire miscast
 24887 | Orc:1    | Noticed a stone giant
 24898 | Orc:1    | XOM: potion effect (haste)
 24908 | Orc:1    | Killed a stone giant
 25078 | Orc:2    | Entered Level 2 of the Orcish Mines
 25080 | Orc:2    | Found a roughly hewn altar of Beogh.
 25080 | Orc:2    | Found Reyt's Antique Armour Boutique.
 25080 | Orc:2    | XOM: 1-stop teleportation journey
 25258 | Orc:2    | XOM: confuse monster(s)
 25293 | Orc:2    | XOM: summons friendly shadow imp
 25666 | Orc:2    | XOM: mild Fire miscast
 25717 | Orc:1    | XOM: summons 4 hostile demons
 26077 | Orc:2    | XOM: 3-stop teleportation journey
 26077 | Orc:2    | Noticed an orc warlord
 26265 | Orc:2    | Reached XP level 14. HP: 52/136 MP: 18/18
 26566 | Orc:2    | Found Qaewnion's Gadget Boutique.
 26566 | Orc:2    | XOM: 2-stop teleportation journey
 26569 | Orc:2    | Bought a wand of iceblast (10) for 210 gold pieces
 26586 | Orc:2    | Found an ancient bone altar of Kikubaaqudgha.
 26586 | Orc:2    | Noticed Nergalle
 26588 | Orc:2    | Found Giotwamu's Distillery.
 26588 | Orc:2    | XOM: summons 2 hostile shadow creatures
 26590 | Orc:2    | XOM: enchant monster (bad)
 27053 | Orc:1    | XOM: summons 3 hostile shadow creatures
 27149 | D:9      | XOM: give mutations
 27149 | D:9      | Gained mutation: You expend magic power (3 MP) to
                  | strengthen your wands. [Xom's grace]
 27149 | D:9      | Gained mutation: You can translocate small distances at
                  | will. [Xom's grace]
 27261 | Orc:2    | XOM: cleaving
 27273 | Orc:2    | Killed an orc warlord
 27383 | Orc:2    | Found a staircase to the Elven Halls.
 27394 | Orc:2    | XOM: medium Summ miscast
 27486 | Orc:2    | XOM: destruction
 27498 | Orc:2    | XOM: polymorph sun demon -> sixfirhy
 27499 | Orc:2    | XOM: divination: magic mapping
 27502 | Orc:2    | XOM: potion effect (invisibility)
 27881 | Orc:2    | Found Desekeoq's Distillery.
 27906 | Orc:2    | Bought a potion of heal wounds for 70 gold pieces
 27906 | Orc:2    | Bought a potion of heal wounds for 70 gold pieces
 27906 | Orc:2    | Bought 2 potions of haste for 280 gold pieces
 27906 | Orc:2    | Bought a potion of haste for 140 gold pieces
 27906 | Orc:2    | Bought 2 potions of agility for 112 gold pieces
 27906 | Orc:2    | Bought a potion of heal wounds for 70 gold pieces
 27916 | Orc:2    | Noticed Erolcha
 27917 | Orc:2    | Found a radiant altar of Vehumet.
 27923 | Orc:2    | Killed Erolcha
 27949 | Orc:2    | Killed Nergalle
 27959 | Orc:2    | XOM: give mutations
 27959 | Orc:2    | Gained mutation: You have a pair of small antennae on your
                  | head. [Xom's grace]
 27959 | Orc:2    | Gained mutation: Your mind is acute. (Int +2) [Xom's grace]
 27959 | Orc:2    | Gained mutation: Your spells are a little harder to cast,
                  | but a little more powerful. [Xom's grace]
 27959 | Orc:2    | Gained mutation: Your flesh is cold resistant. (rC+) [Xom's
                  | grace]
 28008 | Orc:2    | Bought a potion of heal wounds for 80 gold pieces
 28008 | Orc:2    | Bought a potion of haste for 160 gold pieces
 28008 | Orc:2    | Bought a potion of haste for 160 gold pieces
 28145 | Orc:2    | XOM: god gift: 51 gold pieces
 28280 | D:13     | Found a gate to the Vaults.
 28280 | D:13     | Noticed Nessos
 28280 | D:13     | Noticed Urug
 28280 | D:13     | Noticed Rupert
 28555 | D:13     | XOM: divination: magic mapping
 29096 | D:13     | XOM: summons 2 friendly demons
 29103 | D:13     | Paralysed by Rupert for 5 turns
 29176 | D:13     | XOM: summons 5 friendly demons
 29195 | D:13     | Killed Rupert
 29403 | D:13     | XOM: divination: detect creatures
 29422 | D:13     | Killed Nessos
 29612 | D:13     | XOM: blink monster(s)
 29635 | D:13     | XOM: confuse monster(s)
 29643 | D:13     | Killed Urug
 29643 | D:13     | Reached skill level 12 in Fighting
 29919 | D:13     | XOM: confuse monster(s)
 30001 | D:13     | XOM: god gift: scroll of teleportation
 30010 | D:13     | XOM: give mutation
 30010 | D:13     | Lost mutation: Your body sometimes deteriorates upon taking
                  | damage. [Xom's mischief]
 30016 | D:13     | XOM: noise
 30166 | D:13     | XOM: stat loss: -1 Int (12/13)
 30476 | D:13     | XOM is BORED!
 30476 | D:13     | XOM: give mutations
 30476 | D:13     | Lost mutation: Your spells are a little harder to cast, but
                  | a little more powerful. [Xom's mischief]
 30476 | D:13     | Lost mutation: Your flesh is cold resistant. (rC+) [Xom's
                  | mischief]
 30478 | D:13     | XOM: medium Air miscast
 30568 | D:14     | XOM: polymorph manticore -> shapeshifter
 30611 | D:14     | Found a runed translucent door.
 30617 | D:14     | Found a shimmering altar of Xom.
 30617 | D:14     | Noticed highc0's ghost (journeyman DEFE)
 30633 | D:14     | Found a gate leading to a gauntlet.
 30640 | Gauntlet | XOM: noise
 30640 | Gauntlet | Entered a Gauntlet
 30640 | Gauntlet | Found a transporter.
 30648 | Gauntlet | Found a transporter.
 30650 | Gauntlet | Found a transporter.
 30658 | Gauntlet | Found a transporter.
 30660 | Gauntlet | Found a transporter.
 30664 | Gauntlet | Found a runed translucent door.
 30666 | Gauntlet | Found a runed translucent door.
 30668 | Gauntlet | Found a transporter.
 30684 | Gauntlet | Found a transporter.
 30694 | Gauntlet | Found a transporter.
 30704 | Gauntlet | Found a transporter.
 30709 | Gauntlet | Found a transporter.
 30732 | Gauntlet | Found a transporter.
 30734 | Gauntlet | Found a transporter.
 30810 | Gauntlet | Found a transporter.
 30812 | Gauntlet | XOM: chaos cloud
 30816 | Gauntlet | XOM: enchant monster (good)
 30936 | Gauntlet | XOM: cloud trail
 30950 | Gauntlet | Got a jewelled hat
 30993 | Gauntlet | Identified the +1 hat of Kehech {rElec rC+++ MR- Stlth-}
                  | (You found it in a Gauntlet)
 31023 | Gauntlet | XOM: god gift: scroll of enchant armour
 31098 | Gauntlet | Identified the ring of Weyl {rN+ Str+6 Int-3 Slay+6}
 31098 | Gauntlet | XOM: divination: magic mapping
 31425 | D:14     | XOM: cast spell 'Summon Small Mammal'
 31431 | D:14     | XOM: polymorph cyan ugly thing -> brown ugly thing
 31433 | D:14     | XOM: divination: detect creatures
 31663 | D:14     | XOM: scenery: 1 doors open, 1 doors close
 31680 | D:14     | Reached XP level 15. HP: 141/147 MP: 21/21
 31716 | D:14     | Found a glowing silver altar of Zin.
 31870 | D:15     | Entered Level 15 of the Dungeon
 32026 | D:15     | Found a staircase to the Depths.
 32031 | D:15     | XOM: summons 11 friendly demons
 32037 | D:15     | XOM: potion effect (invisibility)
 32088 | D:15     | XOM: fog
 32116 | D:15     | XOM: cast spell 'Shadow Creatures'
 32236 | D:14     | XOM: severe Hex miscast
 32478 | D:15     | XOM: 8-stop teleportation journey
 32591 | D:15     | XOM: god gift: 27 gold pieces
 32626 | D:15     | Reached skill level 10 in Armour
 32814 | D:15     | Noticed Kirke
 32817 | D:15     | XOM: cast spell 'Cause Fear'
 32824 | D:15     | Killed Kirke
 33209 | Lair:1   | XOM: god gift: scratched wooden ring {god gift}
 33307 | Lair:5   | XOM: cloud trail
 33621 | Lair:6   | XOM: divination: detect creatures
 33921 | Lair:6   | XOM: summons friendly iron imp
 33968 | Lair:6   | XOM: confuse monster(s)
 34000 | Lair:6   | XOM: silly message
 34026 | Lair:6   | XOM: smoke on damage
 34033 | Lair:6   | XOM: silly message
 34034 | Lair:6   | XOM: cast spell 'Summon Mana Viper'
 34051 | Lair:6   | Reached skill level 13 in Fighting
 34303 | Lair:6   | Found a staircase to the Slime Pits.
 34370 | Lair:6   | XOM: confuse monster(s)
 34388 | Lair:6   | XOM: swap monsters
 34411 | Lair:6   | XOM: noise
 35065 | Lair:6   | XOM: harmless Conj miscast
 35075 | Lair:6   | XOM: swap monsters
 35111 | Lair:6   | XOM: mild Conj miscast
 35220 | Lair:6   | XOM is BORED!
 35220 | Lair:6   | XOM: summons 2 hostile shadow creatures
 35226 | Lair:6   | XOM: severe Conj miscast
 35230 | Lair:6   | XOM: give mutations
 35230 | Lair:6   | Lost mutation: You are robust. (+10% HP) [Xom's mischief]
 35230 | Lair:6   | Gained mutation: You are clumsy. (Dex -2) [Xom's mischief]
 35484 | Lair:6   | XOM: harmless Summ miscast
 35890 | Lair:6   | XOM: potion effect (haste)
 36140 | Snake:1  | Entered Level 1 of the Snake Pit
 36171 | Snake:1  | Found a frozen archway.
 36234 | IceCv    | Entered an ice cave
 36266 | IceCv    | Reached XP level 16. HP: 128/144 MP: 23/23
 36529 | IceCv    | XOM: divination: detect items
 36613 | IceCv    | XOM: harmless Summ miscast
 36733 | IceCv    | XOM: harmless Erth miscast
 36888 | IceCv    | XOM: scenery: create altars
 36920 | IceCv    | Noticed an Ice Fiend
 37187 | IceCv    | XOM: divination: detect items
 37312 | IceCv    | XOM: cast spell 'Chain of Chaos'
 37315 | IceCv    | Killed an Ice Fiend
 37463 | Snake:1  | XOM: cast spell 'Leda's Liquefaction'
 37853 | Snake:1  | XOM: confuse monster(s)
 37960 | Snake:1  | XOM: scenery: create altars
 37996 | Snake:1  | XOM: 1-stop teleportation journey
 38045 | Snake:1  | Reached skill level 10 in Evocations
 38264 | Snake:1  | Noticed Aizul
 38271 | Snake:1  | Killed Aizul
 38274 | Snake:1  | XOM: give mutations
 38274 | Snake:1  | Lost mutation: Your system is resistant to poisons. (rPois)
                  | [Xom's mischief]
 38274 | Snake:1  | Lost mutation: You have sharp fingernails. [Xom's mischief]
 38567 | Snake:2  | XOM: chaos upgrade
 38572 | Snake:2  | XOM: cast spell 'Call Canine Familiar'
 38577 | Snake:2  | XOM: cast spell 'Ring of Flames'
 38580 | Snake:2  | XOM: divination: detect creatures
 38602 | Snake:2  | XOM: harmless Chrm miscast
 38720 | Snake:1  | XOM: harmless Summ miscast
 39023 | Snake:2  | XOM: cast spell 'Call Canine Familiar'
 39122 | Snake:2  | Found Veghits's Book Emporium.
 39186 | Snake:2  | XOM: potion effect (invisibility)
 39187 | Snake:2  | XOM: divination: detect creatures
 39191 | Snake:2  | XOM: mild Tloc miscast
 39217 | Snake:2  | XOM: harmless Erth miscast
 39222 | Snake:2  | XOM: harmless Erth miscast
 39278 | Snake:2  | XOM: mild Tmut miscast
 39402 | Snake:2  | XOM: mild Conj miscast
 39438 | Snake:2  | XOM: cast spell 'Cause Fear'
 39453 | Snake:2  | XOM: divination: detect creatures
 39468 | Snake:2  | Reached skill level 14 in Fighting
 39534 | Snake:3  | XOM: harmless Hex miscast
 39609 | Snake:3  | XOM: noise
 39760 | Snake:3  | XOM: scenery: create altars
 39886 | Snake:3  | XOM: mild Pois miscast
 40015 | Snake:3  | XOM: noise
 40270 | Snake:3  | XOM is BORED!
 40270 | Snake:3  | XOM: mild Erth miscast
 40494 | Snake:4  | Entered Level 4 of the Snake Pit
 40502 | Snake:4  | XOM: noise
 40515 | Snake:4  | XOM: noise
 40654 | Snake:4  | XOM: mild Tmut miscast
 40703 | Snake:4  | Reached XP level 17. HP: 127/152 MP: 25/25
 40732 | Snake:4  | XOM: confusion (+ monsters)
 40906 | Snake:4  | XOM: swap monsters
 41025 | Snake:4  | XOM: noise
 41040 | Snake:4  | XOM: noise
 41724 | Snake:4  | XOM: noise
 41831 | Snake:4  | XOM: enchant monster (bad)
 41949 | Snake:4  | Got a serpentine rune of Zot
 42214 | Lair:2   | XOM: give mutation
 42214 | Lair:2   | Gained mutation: Your mind is very acute. (Int +4) [Xom's
                  | grace]
 42236 | Shoals:1 | Entered Level 1 of the Shoals
 42708 | Shoals:1 | XOM: confuse monster(s)
 42717 | Shoals:1 | XOM: 3-stop teleportation journey
 42785 | Shoals:1 | Noticed Josephine
 42792 | Shoals:1 | Killed Josephine
 42849 | Shoals:1 | XOM: polymorph merfolk -> lindwurm
 42852 | Shoals:1 | XOM: fog
 43058 | Shoals:1 | Noticed a kraken
 43093 | Shoals:1 | Killed a kraken
 43140 | Shoals:1 | You fall through a shaft!
 43142 | Shoals:2 | XOM: confuse monster(s)
 43266 | Shoals:2 | XOM: mild Hex miscast
 43341 | Shoals:2 | Noticed Jorgrun
 43348 | Shoals:2 | Killed Jorgrun
 43502 | Shoals:2 | XOM: give mutations
 43502 | Shoals:2 | Lost mutation: You are resistant to hostile enchantments.
                  | (MR+) [Xom's mischief]
 43502 | Shoals:2 | Lost mutation: Your mind is very acute. (Int +4) [Xom's
                  | mischief]
 43502 | Shoals:2 | Lost mutation: You are clumsy. (Dex -2) [Xom's mischief]
 43705 | Shoals:1 | XOM: harmless Pois miscast
 43882 | Shoals:2 | XOM: 1-stop teleportation journey
 43886 | Shoals:2 | Reached skill level 15 in Fighting
 43888 | Shoals:2 | XOM: mild Air miscast
 43898 | Shoals:2 | Reached XP level 18. HP: 153/163 MP: 26/26
 44248 | Shoals:3 | XOM: harmless Chrm miscast
 44621 | Shoals:3 | XOM: 1-stop teleportation journey
 44677 | Shoals:3 | XOM: medium Conj miscast
 44688 | Shoals:3 | XOM is BORED!
 44688 | Shoals:3 | XOM: medium Fire miscast
 44958 | Shoals:3 | XOM: potion effect (haste)
 45092 | Shoals:3 | XOM: blink monster(s)
 45213 | Shoals:3 | XOM: medium Fire miscast
 45215 | Shoals:3 | XOM: destruction
 45566 | Shoals:4 | Entered Level 4 of the Shoals
 45793 | Shoals:4 | Reached skill level 1 in Dodging
 45798 | Shoals:4 | XOM: summons 9 hostile demons
 45800 | Shoals:4 | XOM: confusion (+ monsters)
 45805 | Shoals:4 | XOM: scenery: 1 doors open
 45819 | Shoals:4 | XOM: divination: magic mapping
 46391 | Shoals:4 | XOM: polymorph manticore -> komodo dragon
 46510 | Shoals:4 | XOM: 1-stop teleportation journey
 46767 | Shoals:4 | XOM: summons friendly white imp
 46864 | Shoals:4 | XOM: 4-stop teleportation journey
 47058 | Shoals:4 | XOM: confuse monster(s)
 47100 | Shoals:4 | Got a barnacled rune of Zot
 47134 | Shoals:4 | XOM: god gift: runed longbow {god gift}
 47468 | Vaults:1 | Entered Level 1 of the Vaults
 47501 | Vaults:1 | XOM: scenery: 1 doors close
 47621 | D:13     | XOM: god gift: 32 gold pieces
 47667 | Vaults:1 | XOM: divine lightning
 47671 | Vaults:1 | XOM: scenery: 2 doors close
 47881 | D:13     | XOM: confuse monster(s)
 47882 | D:13     | XOM: cast spell 'Death Channel'
 47884 | D:13     | XOM: cast spell 'Olgreb's Toxic Radiance'
 48189 | Vaults:1 | Found Deske's Weapon Emporium.
 48443 | Vaults:1 | XOM: potion effect (brilliance)
 48473 | Vaults:1 | XOM: potion effect (brilliance)
 48485 | Vaults:1 | Reached XP level 19. HP: 172/172 MP: 28/28
 48488 | Vaults:1 | XOM: noise
 48548 | Vaults:1 | XOM: harmless Erth miscast
 48580 | Vaults:1 | XOM: harmless Fire miscast
 48697 | Vaults:1 | XOM: mild Tmut miscast
 48710 | Vaults:1 | XOM: divination: detect creatures
 48718 | Vaults:1 | XOM: harmless Air miscast
 49292 | Vaults:1 | XOM: swap monsters
 49307 | Vaults:1 | Reached skill level 16 in Fighting
 49498 | Vaults:1 | XOM: harmless Erth miscast
 49588 | Vaults:1 | XOM: torment (105/172 hp)
 49699 | Vaults:2 | XOM: enchant monster (bad)
 49720 | Vaults:2 | Found Onum's Antique Armour Emporium.
 49833 | Vaults:2 | Found a ruined gateway.
 49879 | Vaults:2 | XOM: medium Necr miscast
 49885 | Vaults:2 | XOM: swap monsters
 49887 | Vaults:2 | XOM: noise
 50008 | Vaults:2 | XOM: confusion
 50012 | Vaults:2 | XOM: 4-stop teleportation journey
 50114 | Vaults:2 | Reached skill level 15 in Polearms
 50253 | Desolati | Entered the Desolation of Salt
 50333 | Desolati | Reached skill level 5 in Dodging
 50535 | Desolati | XOM: 3-stop teleportation journey
 50580 | Desolati | Identified the ring of the Duchess {Ice MR+ Slay+2}
 50664 | Desolati | Got a faintly glowing pewter ring
 50665 | Desolati | Identified the ring "Rakoxow" {rElec Dex+5} (You found it
                  | in the Desolation of Salt)
 50841 | Desolati | XOM is BORED!
 50841 | Desolati | XOM: noise
 50927 | Desolati | Identified the ring of Bucyfi {+Inv rF+ Dex+3}
 51021 | Desolati | Identified the +5 chain mail of the Spheres {rN++} (You
                  | found it in the Desolation of Salt)
 51027 | Desolati | Identified Zeynom's Reference Book on Intoxication
 51042 | Desolati | Identified the Reference Book on Creative Self-Knowledge
 51152 | Desolati | XOM: enchant monster (bad)
 51165 | Desolati | XOM: harmless Conj miscast
 51198 | Desolati | XOM: summons 2 hostile demons
 51225 | Desolati | XOM: give mutation
 51225 | Desolati | Gained mutation: You are partially covered in thin metallic
                  | scales. (AC +2) [Xom's grace]
 51574 | Vaults:2 | XOM: divination: detect creatures
 51638 | Vaults:2 | XOM: enchant monster (good)
 51639 | Vaults:2 | XOM: divination: detect creatures
 51663 | Vaults:2 | Reached XP level 20. HP: 181/182 MP: 30/30
 51881 | Vaults:2 | Found Rocs's Gadget Shoppe.
 51915 | Vaults:2 | XOM: potion effect (haste)
 52212 | Vaults:2 | XOM is BORED!
 52212 | Vaults:2 | XOM: medium Pois miscast
 52307 | Vaults:2 | XOM: harmless Pois miscast
 52318 | Vaults:2 | XOM: noise
 52328 | Vaults:2 | XOM: silly message
 52476 | Vaults:2 | XOM: mild Tloc miscast
 52509 | Vaults:2 | Found a staircase to the Crypt.
 52509 | Vaults:2 | Found a basalt altar of Yredelemnul.
 52510 | Vaults:2 | Found an ancient bone altar of Kikubaaqudgha.
 52873 | Vaults:3 | XOM: stealth player
 52877 | Vaults:3 | Identified the +8 chain mail "Pogre" {rN+ MR+++ MP-9 Dex+3}
                  | (You found it on level 3 of the Vaults)
 53245 | Vaults:3 | XOM: smoke on damage
 53423 | Vaults:3 | XOM: confuse monster(s)
 53566 | Vaults:3 | XOM: 4-stop teleportation journey
 53962 | Vaults:3 | Identified the amulet "Uboustre" {RegenMP rPois rF- MR+++}
                  | (You found it on level 3 of the Vaults)
 54176 | Vaults:3 | XOM is BORED!
 54249 | Vaults:3 | XOM: medium Hex miscast
 54684 | Vaults:4 | XOM: noise
 54939 | Vaults:4 | XOM: summons friendly iron imp
 55041 | Vaults:4 | Reached skill level 17 in Fighting
 55133 | Vaults:4 | XOM: 2-stop teleportation journey
 55209 | Vaults:4 | XOM: destruction
 55327 | Vaults:4 | XOM: confuse monster(s)
 55332 | Vaults:4 | XOM: 3-stop teleportation journey
 55348 | Vaults:4 | XOM: cloud trail
 55551 | Vaults:4 | XOM: harmless Pois miscast
 55552 | Vaults:4 | XOM: swap monsters
 55556 | Vaults:4 | XOM: smoke on damage
 55711 | Vaults:4 | XOM: noise
 55836 | Vaults:4 | XOM: severe Ice miscast
 56064 | Elf:1    | Entered Level 1 of the Elven Halls
 56154 | Elf:1    | XOM: harmless Erth miscast
 56205 | Elf:1    | Found Sackib's General Store.
 56208 | Elf:1    | XOM: 1-stop teleportation journey
 56208 | Elf:1    | Identified the +6 dagger of Folud {distort, *Slow +Inv
                  | Int+2 Dex+9}
 56217 | Elf:1    | XOM: confuse monster(s)
 56219 | Elf:1    | XOM: confuse monster(s)
 56249 | Elf:1    | XOM: confusion
 56309 | Elf:1    | XOM: noise
 56616 | Elf:1    | Reached XP level 21. HP: 191/191 MP: 22/31
 56811 | Elf:1    | Found a runed translucent gate.
 56811 | Elf:1    | Found a runed translucent gate.
 56811 | Elf:1    | Found a runed translucent gate.
 56811 | Elf:1    | Found a runed translucent gate.
 56811 | Elf:1    | Found a runed translucent gate.
 56815 | Elf:1    | Found a runed translucent gate.
 56846 | Elf:1    | XOM: god gift: 49 gold pieces
 56979 | Elf:1    | Bought a wand of acid (9) for 312 gold pieces
 56979 | Elf:1    | Bought a scroll of vulnerability for 90 gold pieces
 56979 | Elf:1    | Bought a potion of curing for 36 gold pieces
 56979 | Elf:1    | Bought a wand of paralysis (8) for 120 gold pieces
 57006 | Elf:1    | XOM: give mutations
 57006 | Elf:1    | Gained mutation: You evolve. [Xom's grace]
 57006 | Elf:1    | Gained mutation: You possess an exceptional clarity of
                  | mind. [Xom's grace]
 57006 | Elf:1    | Gained mutation: Your spells are a little harder to cast,
                  | but a little more powerful. [Xom's grace]
 57006 | Elf:1    | Gained mutation: Your movements are slightly less
                  | encumbered by armour. (ER -2) [Xom's grace]
 57184 | Elf:1    | XOM: mild Tmut miscast
 57326 | Elf:2    | XOM: summons 6 hostile demons
 57436 | Elf:2    | XOM: 1-stop teleportation journey
 57466 | Elf:2    | XOM: divination: detect creatures
 57479 | Elf:2    | XOM: potion effect (brilliance)
 57786 | Elf:2    | XOM: give mutation
 57786 | Elf:2    | Gained mutation: Your mind is very acute. (Int +4) [Xom's
                  | grace]
 57836 | Elf:2    | XOM: polymorph deep elf knight -> eye of devastation
 57873 | Elf:2    | Found a runed translucent gate.
 57873 | Elf:2    | Found a runed translucent gate.
 57873 | Elf:2    | Found a runed translucent gate.
 57918 | Elf:2    | Gained mutation: You have a pair of antennae on your head.
                  | [evolution]
 57940 | Elf:2    | XOM: give mutations
 57940 | Elf:2    | Gained mutation: You are resistant to hostile enchantments.
                  | (MR+) [Xom's grace]
 57940 | Elf:2    | Gained mutation: You are highly resistant to hostile
                  | enchantments. (MR++) [Xom's grace]
 57940 | Elf:2    | Gained mutation: Your spells are harder to cast, but more
                  | powerful. [Xom's grace]
 57981 | Elf:2    | XOM: cloud trail
 57986 | Elf:2    | XOM: cast spell 'Summon Ice Beast'
 58080 | Elf:2    | XOM: fog
 58440 | Elf:3    | Entered Level 3 of the Elven Halls
 58472 | Elf:3    | Noticed Mara
 58481 | Elf:3    | Noticed Jannitor's illusion
 58490 | Elf:3    | Jannitor's illusion changed into Jannitor the shard shrike
 58490 | Elf:3    | XOM: polymorph Jannitor's illusion -> Jannitor the shard
                  | shrike
 58510 | Elf:3    | Killed Mara
 58677 | Elf:3    | XOM: cast spell 'Summon Dragon'
 58692 | Elf:3    | XOM: harmless Tmut miscast
 58696 | Elf:3    | XOM: divination: detect items
 58706 | Elf:3    | Cast into level 3 of the Abyss (a deep elf sorcerer)
 58706 | Abyss:3  | XOM: noise
 58823 | Abyss:3  | XOM: fake destruction
 58852 | Abyss:3  | Got an abyssal rune of Zot
 58859 | Abyss:3  | XOM: summons friendly crimson imp
 58863 | Abyss:3  | Reached skill level 15 in Evocations
 58877 | Abyss:4  | Found a deep blue altar of Sif Muna.
 58878 | Abyss:4  | Found a basalt altar of Yredelemnul.
 58889 | Abyss:4  | XOM: scenery: create altars
 58922 | Elf:3    | Escaped the Abyss
 59304 | Elf:3    | Got a wavering lead ring
 59305 | Elf:3    | Identified the cursed ring of Useoti {MR+++ Dex-2} (You
                  | found it on level 3 of the Elven Halls)
 59348 | Elf:3    | Identified the Handbook of Unholy Magic and the Mountains
 59566 | Elf:3    | XOM: summons 5 friendly demons
 59897 | Elf:3    | Found Deewiclak's Food Boutique.
 60132 | Orc:2    | XOM: cloud trail
 60190 | D:11     | XOM: scenery: create altars
 60239 | D:15     | XOM: harmless Erth miscast
 60267 | Depths:1 | Entered Level 1 of the Depths
 60291 | Depths:1 | XOM: enchant monster (good)
 60297 | Depths:1 | XOM: enchant monster (good)
 60299 | Depths:1 | XOM: fake destruction
 60308 | Depths:1 | Reached skill level 18 in Fighting
 60378 | Depths:1 | Reached XP level 22. HP: 193/202 MP: 33/33
 60402 | Depths:1 | Found a gateway to a ziggurat.
 60452 | Depths:1 | XOM: summons 3 friendly demons
 60458 | Depths:1 | XOM: swap monsters
 60496 | Depths:1 | XOM: confuse monster(s)
 60529 | Depths:1 | You fall through a shaft!
 60554 | Depths:2 | XOM: cleaving
 60627 | Depths:2 | XOM: god gift: 22 stones
 60723 | Depths:2 | XOM: fake destruction
 60734 | Depths:2 | Found a one-way gate to the infinite horrors of the Abyss.
 60747 | Depths:2 | XOM: chaos cloud
 60758 | Depths:2 | XOM: give mutation
 60758 | Depths:2 | Gained mutation: You rapidly evolve. [Xom's grace]
 60781 | Depths:2 | Found Wosankyt's Antique Weapon Shoppe.
 60793 | Depths:2 | Identified the +2 faerie dragon scales {+Inv rElec rCorr
                  | Slay+5}
 60793 | Depths:2 | Noticed the Enchantress
 60806 | Depths:2 | XOM: divination: magic mapping
 60818 | Depths:2 | Paralysed by a floating eye for 3 turns
 60862 | Depths:2 | XOM: enchant monster (good)
 60866 | Depths:2 | Your ally died
 61158 | Depths:2 | XOM: polymorph deep troll -> cyclops
 61280 | Depths:2 | Identified the cursed +2 great mace of Big Damage {crush,
                  | -Tele rElec MR+}
 61396 | Depths:2 | Reached skill level 10 in Dodging
 61885 | Depths:1 | Found a gateway to Hell.
 62137 | Depths:1 | XOM: cleaving
 62730 | Depths:1 | XOM: harmless Air miscast
 62789 | Depths:1 | You fall through a shaft!
 63635 | Depths:3 | XOM: enchant monster (good)
 63887 | Depths:3 | XOM: god gift: 5 rations
 63909 | Depths:3 | XOM: 2-stop teleportation journey
 63923 | Depths:3 | XOM: potion effect (brilliance)
 63929 | Depths:3 | Reached XP level 23. HP: 134/211 MP: 34/34
 64051 | Depths:3 | Reached skill level 15 in Armour
 64051 | Depths:3 | Noticed a juggernaut
 64052 | Depths:3 | XOM: divination: magic mapping
 64054 | Depths:3 | XOM: confuse monster(s)
 64056 | Depths:3 | XOM: summons friendly ufetubus
 64069 | Depths:3 | XOM: enchant monster (good)
 64072 | Depths:3 | Killed a juggernaut
 64196 | Depths:3 | XOM: divine lightning
 64286 | Depths:3 | XOM: scenery: create altars
 64410 | Depths:3 | Identified the ring of the Komodo Dragon {Int+3 Dex+3 SInv}
                  | (You found it on level 3 of the Depths)
 64474 | Depths:3 | XOM: cleaving
 64492 | Depths:3 | Found a one-way gate leading to the halls of Pandemonium.
 64695 | Depths:4 | XOM: summons 3 friendly demons
 64700 | Depths:4 | XOM: enchant monster (bad)
 65103 | Depths:4 | XOM: polymorph ice dragon -> alligator
 65157 | Depths:4 | Reached skill level 19 in Fighting
 65258 | Depths:4 | XOM: potion effect (invisibility)
 65276 | Depths:4 | XOM: god gift: 14 arrows
 65294 | Depths:4 | XOM: scenery: 1 doors close
 65309 | Depths:4 | Paralysed by a vampire knight for 4 turns
 65316 | Depths:4 | XOM: fog
 65353 | Depths:3 | XOM: scenery: create altars
 65509 | Depths:4 | XOM: fog
 65518 | Depths:4 | XOM: smoke on damage
 65662 | Depths:4 | XOM: swap monsters
 65825 | Depths:4 | XOM: 1-stop teleportation journey
 66043 | Depths:4 | XOM: enchant monster (good)
 66052 | Depths:4 | XOM: enchant monster (bad)
 66060 | Depths:4 | Found a viscous altar of Jiyva.
 66158 | Depths:4 | XOM: summons 4 hostile shadow creatures
 66181 | Depths:4 | XOM: blink monster(s)
 66377 | Depths:4 | XOM: scenery: 4 doors close
 66382 | Depths:4 | XOM: summons 4 friendly demons
 66383 | Depths:4 | XOM: scenery: 4 doors open
 66664 | Depths:5 | Entered Level 5 of the Depths
 66815 | Depths:5 | Noticed a juggernaut
 66838 | Depths:5 | Killed a juggernaut
 66843 | Depths:5 | Reached XP level 24. HP: 165/222 MP: 35/35
 66941 | Depths:5 | XOM: cloud trail
 67134 | Depths:5 | Found an ancient bone altar of Kikubaaqudgha.
 67134 | Depths:5 | Found an iron altar of Okawaru.
 67135 | Depths:5 | Found a stormy altar of Qazlal.
 67284 | Depths:5 | XOM: scenery: 1 doors open, 1 doors close
 67372 | Depths:5 | XOM: 6-stop teleportation journey
 67374 | Depths:5 | XOM: god gift: 3 rations
 67437 | Depths:5 | Found a gate to the Realm of Zot.
 67530 | Depths:5 | Lost mutation: You are partially covered in large bone
                  | plates. (SH +4) [evolution]
 67530 | Depths:5 | Lost mutation: You rapidly evolve. [decline of evolution]
 67578 | Depths:5 | XOM: harmless Air miscast
 67585 | Depths:5 | XOM: cast spell 'Summon Small Mammal'
 67772 | Depths:5 | XOM: potion effect (haste)
 67792 | Depths:5 | XOM: silly message
 67906 | Depths:5 | XOM: silly message
 68119 | Depths:5 | XOM: harmless Necr miscast
 68145 | Depths:5 | XOM: harmless Fire miscast
 68170 | Depths:5 | Identified the +1 leather armour "Oxyuw Weily" {MR+}
 68173 | Depths:5 | XOM: smoke on damage
 68181 | Depths:5 | Identified the +3 arbalest "Siqamym" {velocity, rF+++ MR-
                  | Int+3 Dex-2}
 68193 | Depths:5 | XOM: scenery: 1 fountains blood, 6 doors open, 2 doors
                  | close
 68193 | Depths:5 | Noticed a juggernaut
 68202 | Depths:5 | Killed a juggernaut
 68237 | Depths:5 | XOM: give mutations
 68237 | Depths:5 | Gained mutation: You passively map a small area around you.
                  | [Xom's grace]
 68237 | Depths:5 | Gained mutation: You are partially covered in rugged brown
                  | scales. (AC +1, +3% HP) [Xom's grace]
 68237 | Depths:5 | Gained mutation: Your spells are much harder to cast, but
                  | much more powerful. [Xom's grace]
 68237 | Depths:5 | Gained mutation: You are robust. (+10% HP) [Xom's grace]
 68245 | Depths:5 | XOM: confuse monster(s)
 68249 | Depths:5 | XOM: confuse monster(s)
 68592 | Zot:1    | XOM: noise
 68592 | Zot:1    | Entered Level 1 of the Realm of Zot
 68613 | Zot:1    | XOM: god gift: ration
 68630 | Zot:1    | XOM: enchant monster (good)
 68632 | Zot:1    | XOM: god gift: 6 gold pieces
 68660 | Zot:1    | Reached skill level 20 in Fighting
 68668 | Zot:1    | XOM: enchant monster (good)
 68716 | Zot:1    | XOM: give mutations
 68716 | Zot:1    | Gained mutation: Your system is resistant to poisons.
                  | (rPois) [Xom's grace]
 68716 | Zot:1    | Gained mutation: You have sharp fingernails. [Xom's grace]
 68716 | Zot:1    | Gained mutation: You are agile. (Dex +2) [Xom's grace]
 68827 | Zot:1    | XOM: give mutation
 68827 | Zot:1    | Gained mutation: You are very agile. (Dex +4) [Xom's grace]
 69118 | Zot:1    | XOM: cloud trail
 69155 | Zot:1    | XOM: scenery: create altars
 69174 | Zot:1    | XOM: polymorph golden dragon -> shapeshifter
 69382 | Zot:1    | XOM: divination: magic mapping
 69568 | Zot:1    | Reached XP level 25. HP: 261/261 MP: 35/35
 69825 | Zot:2    | XOM: cleaving
 69891 | Zot:1    | XOM: divination: detect creatures
 69968 | Zot:1    | XOM: cloud trail
 69980 | Zot:1    | XOM: divination: magic mapping
 70017 | Zot:2    | Identified the +4 dragonskin cloak
 70017 | Zot:2    | Noticed Tiamat
 70022 | Zot:2    | XOM: destruction
 70029 | Zot:2    | XOM: scenery: create altars
 70047 | Zot:2    | XOM: summons 16 friendly demons
 70058 | Zot:2    | XOM: polymorph black draconian knight -> stone giant
 70072 | Zot:2    | XOM: silly message
 70091 | Zot:2    | XOM: 2-stop teleportation journey
 70119 | Zot:2    | XOM: polymorph stone giant -> alligator snapping turtle
 70137 | Zot:2    | XOM: cleaving
 70147 | Zot:2    | XOM: divination: magic mapping
 70159 | Zot:2    | XOM: summons 3 friendly demons
 70173 | Zot:2    | XOM: god gift: wand of iceblast (9)
 70648 | Depths:3 | XOM: scenery: create altars
 70678 | Depths:2 | XOM: mild Chrm miscast
 70894 | D:7      | XOM: scenery: create altars
 70914 | D:6      | Bought a scarf of resistance for 448 gold pieces
 71420 | Zot:2    | XOM: medium Ice miscast
 71446 | Zot:2    | XOM: summons friendly quasit
 71469 | Zot:2    | XOM: summons 2 friendly demons
 71482 | Zot:2    | XOM: enchant monster (good)
 71488 | Zot:2    | Killed Tiamat
 71491 | Zot:2    | XOM: summons 8 friendly demons
 71500 | Zot:2    | XOM: cast spell 'Monstrous Menagerie'
 71507 | Zot:2    | XOM: potion effect (might)
 71567 | Zot:2    | XOM: harmless Necr miscast
 72158 | Zot:2    | XOM: cast spell 'Statue Form'
 72228 | Zot:2    | Paralysed by the power of Zot for 5 turns
 72229 | Zot:2    | XOM: polymorph tentacled monstrosity -> Tzitzimitl
 72400 | Zot:2    | XOM: god gift: scroll of blinking
 72543 | Zot:2    | Noticed an orb of fire
 72738 | Zot:2    | XOM: give mutations
 72738 | Zot:2    | Lost mutation: Your spells are much harder to cast, but
                  | much more powerful. [Xom's mischief]
 72738 | Zot:2    | Lost mutation: Your muscles are very strong. (Str +4)
                  | [Xom's mischief]
 72738 | Zot:2    | Lost mutation: Your system is resistant to poisons. (rPois)
                  | [Xom's mischief]
 72738 | Zot:2    | Lost mutation: You possess an exceptional clarity of mind.
                  | [Xom's mischief]
 72773 | Zot:2    | Lost mutation: Your spells are harder to cast, but more
                  | powerful. [an orb of fire]
 72781 | Zot:2    | Gained mutation: You do not regenerate when monsters are
                  | visible. [an orb of fire]
 72784 | Zot:2    | XOM: cleaving
 72787 | Zot:2    | Killed an orb of fire
 72951 | Zot:2    | XOM: summons 7 friendly demons
 73254 | Zot:2    | XOM: give mutations
 73254 | Zot:2    | Lost mutation: You expend magic power (3 MP) to strengthen
                  | your wands. [Xom's mischief]
 73254 | Zot:2    | Lost mutation: You are robust. (+10% HP) [Xom's mischief]
 73254 | Zot:2    | Lost mutation: You can translocate small distances at will.
                  | [Xom's mischief]
 73254 | Zot:2    | Lost mutation: Your mind is very acute. (Int +4) [Xom's
                  | mischief]
 73435 | Zot:3    | Noticed a Killer Klown
 73445 | Zot:3    | Killed a Killer Klown
 73532 | Zot:3    | XOM: fog
 73608 | Zot:3    | XOM: scenery: 1 doors open
 73616 | Zot:3    | XOM: polymorph black draconian knight -> shapeshifter
 73633 | Zot:3    | XOM: potion effect (heal wounds)
 73713 | Zot:3    | XOM: swap monsters
 73745 | Zot:3    | XOM: silly message
 73845 | Zot:3    | Reached XP level 26. HP: 236/249 MP: 36/36
 73894 | Zot:3    | XOM: cast spell 'Ring of Flames'
 73899 | Zot:3    | XOM: enchant monster (bad)
 73969 | Zot:3    | XOM: noise
 74346 | Zot:2    | Identified a scroll of acquirement
 74347 | Zot:2    | Got a translucent halberd
 74348 | Zot:2    | Identified the +8 halberd "Beife Ryser" {pain, +Inv rC+
                  | Str+4 Stlth-} (You acquired it on level 2 of the Realm of
                  | Zot)
 74370 | Zot:1    | XOM: cloud trail
 74601 | Zot:3    | Gained mutation: You expend magic power (3 MP) to
                  | strengthen your wands. [evolution]
 74846 | Zot:3    | XOM: confuse monster(s)
 74858 | Zot:3    | Reached skill level 21 in Fighting
 75017 | Zot:3    | XOM: give mutations
 75017 | Zot:3    | Lost mutation: You do not regenerate when monsters are
                  | visible. [Xom's grace]
 75017 | Zot:3    | Gained mutation: Your natural rate of healing is unusually
                  | fast. [Xom's grace]
 75017 | Zot:3    | Gained mutation: You rapidly evolve. [Xom's grace]
 75017 | Zot:3    | Gained mutation: Your muscles are very strong. (Str +4)
                  | [Xom's grace]
 75017 | Zot:3    | Gained mutation: You can translocate small distances at
                  | will. [Xom's grace]
 75250 | Zot:3    | You fall through a shaft!
 75258 | Zot:4    | XOM: destruction
 75409 | Zot:4    | XOM: scenery: create altars
 75453 | Zot:4    | XOM: cleaving
 75528 | Zot:3    | XOM: summons 4 friendly demons
 75709 | Zot:4    | XOM: polymorph shadow dragon -> golden dragon
 75822 | Zot:4    | Noticed an orb of fire
 75831 | Zot:4    | Gained mutation: Your body sometimes deteriorates upon
                  | taking damage. [an orb of fire]
 75834 | Zot:4    | Gained mutation: You are frail. (-10% HP) [an orb of fire]
 75849 | Zot:4    | Killed an orb of fire
 75867 | Zot:5    | Entered Level 5 of the Realm of Zot
 75870 | Zot:5    | Noticed an orb of fire
 75870 | Zot:5    | Lost mutation: You are very agile. (Dex +4) [an orb of
                  | fire]
 75873 | Zot:5    | Noticed an ancient lich
 75876 | Zot:5    | XOM: confuse monster(s)
 75894 | Zot:5    | XOM: confuse monster(s)
 75901 | Zot:5    | XOM: destruction
 75917 | Zot:5    | HP: 4/226 [Orb Guardian (31)]
 75917 | Zot:5    | Slain by a death cob

Skill      XL: |  1  2  3  4  5  6  7  8  9 10 11 12 13 14 15 16 17 18 19 20 21 22 23 24 25 26 |
---------------+-------------------------------------------------------------------------------+-----
Polearms       | 3 4 5 6 7 8 9 10 11 12 13 14 15 16 17 18 19 | 19.7
Armour         | 2 3 4 5 6 7 8 9 10 11 12 13 14 15 16 17 | 17.0
Fighting       | 4 5 6 7 8 9 10 11 12 13 14 15 16 17 18 19 20 21 | 21.1
Bows           | 5 8 11 13 15 16 17 18 19 20 | 20.0
Evocations     | 3 5 6 8 9 10 11 12 13 14 15 16 17 18 | 18.5
Dodging        | 3 5 7 8 10 12 13 14 | 14.5

Action                   |  1- 3 |  4- 6 |  7- 9 | 10-12 | 13-15 | 16-18 | 19-21 | 22-24 | 25-27 || total
-------------------------+-------+-------+-------+-------+-------+-------+-------+-------+-------++-------
Melee: Spear             |    96 |   115 |       |       |       |       |       |       |       ||   211
       Kick              |    10 |    29 |    97 |    96 |   195 |    30 |    21 |     8 |     1 ||   487
       Halberd           |       |    80 |   479 |   436 |   642 |       |       |       |       ||  1637
       Demon trident     |       |       |       |       |    87 |   127 |    36 |       |       ||   250
       Bardiche          |       |       |       |       |       |       |       |    18 |       ||    18
       Longbow           |       |       |       |       |       |       |       |       |     1 ||     1
 Fire: Shortbow          |       |       |       |   801 |   400 |       |       |       |       ||  1201
       Longbow           |       |       |       |       |   871 |  1470 |  1644 |  1540 |   681 ||  6206
 Abil: Blink             |       |       |       |       |     1 |       |       |       |       ||     1
       Evoke Invisibilit |       |       |       |       |       |       |     1 |       |       ||     1
Evoke: Wand              |       |       |       |    12 |    20 |     6 |     7 |     3 |     3 ||    51
       Phantom mirror    |       |       |       |       |       |       |       |     3 |       ||     3
       Box of beasts     |       |       |       |       |       |       |       |     1 |     6 ||     7
  Use: Scroll            |       |       |    17 |    17 |    27 |    11 |    20 |     6 |    12 ||   110
       Potion            |       |       |       |     4 |       |     3 |     8 |     5 |    12 ||    32
 Stab: Paralysed         |       |     2 |       |       |     5 |       |       |       |       ||     7
       Sleeping          |       |     2 |     9 |     6 |     2 |       |       |       |       ||    19
       Petrified         |       |       |       |     7 |       |       |       |       |       ||     7
       Distracted        |       |       |       |     2 |     1 |     1 |       |       |       ||     4
       Confused          |       |       |       |       |     1 |     2 |       |       |       ||     3
       Invisible         |       |       |       |       |       |       |     1 |     1 |       ||     2
  Eat: Chunk             |       |     7 |    10 |    26 |    42 |    14 |    23 |    23 |    12 ||   157
       Ration            |       |       |     1 |     2 |       |     5 |     1 |       |     1 ||    10
Armor: Leather armour    |    33 |    57 |       |       |       |       |       |       |       ||    90
       Troll leather arm |       |    19 |    79 |       |       |       |       |       |       ||    98
       Ring mail         |       |       |   169 |   509 |   526 |       |       |       |       ||  1204
       Skin              |       |       |       |   118 |       |       |       |       |     3 ||   121
       Scale mail        |       |       |       |       |   227 |     5 |       |       |       ||   232
       Pearl dragon scal |       |       |       |       |       |   462 |   277 |    65 |       ||   804
       Chain mail        |       |       |       |       |       |       |   108 |       |       ||   108
       Acid dragon scale |       |       |       |       |       |       |       |   234 |   221 ||   455
Dodge: Dodged            |    24 |    87 |   120 |   192 |   332 |   185 |   191 |   242 |   271 ||  1644
Block: Other             |       |       |    70 |   119 |   180 |    93 |    78 |    41 |       ||   581
